 Dungeon Crawl Stone Soup version 0.25.1-1-g288607f5aa (webtiles) character file.

Game seed: 13785596193356035741

1069 Asdor the Skirmisher (level 8, 0/62 HPs)
             Began as a Demonspawn Abyssal Knight on July 24, 2020.
             Was a Believer of Lugonu.
             Slain by a troll (8 damage)
             ... on level 6 of the Dungeon on July 27, 2020.
             The game lasted 00:18:04 (6018 turns).

Asdor the Skirmisher (Demonspawn Abyssal Knight)    Turns: 6018, Time: 00:18:05

Health: 0/62       AC: 14    Str: 16    XL:     8   Next: 7%
Magic:  20/20      EV:  8    Int: 13    God:    Lugonu [**....]
Gold:   275        SH: 10    Dex: 10    Spells: 7/7 levels left

rFire    . . .     SeeInvis .   i - +2 whip (venom)
rCold    + . .     Gourm    .   u - +2 kite shield
rNeg     . . .     Faith    .   h - +4 scale mail the Dull Heron {Harm rPois Dex-2}
rPois    +         Spirit   .   (helmet restricted)
rElec    .         Reflect  .   (no cloak)
rCorr    .         Harm     +   (no gloves)
MR       .....                  (no boots)
Stlth    ..........             t - amulet of regeneration
HPRegen  0.60/turn              A - ring of magical power
MPRegen  0.17/turn              w - +4 ring of protection

@: no status effects
A: antennae 2, cold resistance 1, spiny 1, freezing cloud immunity
a: Depart the Abyss, Bend Space, Renounce Religion


You were on level 6 of the Dungeon.
You worshipped Lugonu.
Lugonu was pleased with you.
You were not hungry.

You visited 1 branch of the dungeon, and saw 6 of its levels.
You visited the Abyss 1 time.

You collected 275 gold pieces.

Inventory:

Hand Weapons
 a - a +1 spear
 i - a +2 whip of venom (weapon)
Armour
 b - a +1 leather armour
 h - the +4 scale mail the Dull Heron (worn) {Harm rPois Dex-2}
   (You found it on level 5 of the Dungeon)

   It affects your dexterity (-2).
   It protects you from poison.
   It increases damage dealt and taken.
 u - a +2 kite shield (worn)
Jewellery
 g - an uncursed amulet of reflection
 j - an uncursed ring of fire
 t - an amulet of regeneration (around neck)
 w - a +4 ring of protection (right hand)
 A - a ring of magical power (left hand)
Wands
 o - a wand of random effects (9)
Scrolls
 d - a scroll of enchant weapon {unknown}
 f - 2 scrolls of teleportation {unknown}
 l - a scroll of enchant armour
 n - 2 scrolls of immolation {unknown}
 p - a scroll of remove curse {unknown}
 v - a scroll of blinking {unknown}
 y - a scroll of magic mapping {unknown}
Potions
 e - 2 potions of heal wounds
 k - a potion of flight
 m - 3 potions of brilliance
 r - 2 potions of invisibility
 s - a potion of haste {unknown}
 z - a potion of might {unknown}
 B - a potion of lignification {unknown}
Comestibles
 c - 10 rations


   Skills:
 + Level 5.1 Fighting
 + Level 4.4 Maces & Flails
 - Level 2.3 Polearms
 + Level 2.9 Armour
 + Level 3.7 Dodging
 + Level 2.0 Shields
 - Level 5.0 Invocations


You had 7 spell levels left.
You didn't know any spells.
Your spell library contained the following spells:

 Spells                   Type           Power        Failure   Level  Hunger
 Foxfire                  Conj/Fire      #...         99%         1    ##.....
 Conjure Flame            Conj/Fire      #.......     100%        3    ####...
 Inner Flame              Hex/Fire       #.......     100%        3    ####...
 Sticky Flame             Conj/Fire      #.......     100%        4    #####..
 Fireball                 Conj/Fire      #.........   100%        5    ######.


Dungeon Overview and Level Annotations

Branches:
Dungeon (6/15)
 Temple: D:4-7

Altars:
Ashenzari
Cheibriados
Ru
Xom


Innate Abilities, Weirdness & Mutations

You have a pair of antennae on your head.
Your flesh is cold resistant. (rC+)
You are partially covered in sharp spines.
You are immune to freezing clouds.


Message History

A sky beast comes into view.
You see here an arrow.
The centaur shoots an arrow.
The arrow hits you. You block the troll's attack. The troll claws you!
You block the troll's attack.
The centaur shoots an arrow.
The arrow hits you!
* * * LOW HITPOINT WARNING * * *
You see here 2 arrows.
The centaur shoots an arrow.
The arrow hits you but does no damage.
The centaur shoots an arrow.
The arrow completely misses you.
You closely miss the troll.
The troll is severely wounded.
The centaur shoots an arrow.
The arrow hits you but does no damage. The troll bites you.
* * * LOW HITPOINT WARNING * * *
You block the troll's attack. The troll claws you.
* * * LOW HITPOINT WARNING * * *
The centaur shoots an arrow.
The arrow hits you but does no damage.
You see here an arrow.
The troll is struck by your spines. The troll bites you!
You die...

..#. .... ..#
####..# #.#...#
#####.....####.
#@T#...........
#..(c((........
#..#...5†.#...
###....#..#
##...#.....
#....#....##
#.....##.#..#
##..... ...Y..
##......5....


You could see a troll (very poisoned), a centaur and a crimson imp.

Vanquished Creatures
  An ice beast (D:5)
  2 ogres
  A centaur (D:5)
  2 bullfrogs
  A howler monkey (D:6)
  A hound (D:6)
  A bullfrog skeleton (D:5)
  3 orc priests
  A jelly (D:5)
  2 orc wizards
  A centaur skeleton (D:5)
  An iguana (D:4)
  3 worker ants
  A hound skeleton (D:4)
  A gnoll (D:1)
  6 adders
  A shadow imp (D:5)
  An ooze (D:5)
  2 adder zombies
  An adder skeleton (D:4)
  2 worms
  3 dart slugs
  2 leopard geckos
  7 orcs
  2 giant cockroaches
  7 goblins
  11 hobgoblins
  5 jackals
  A quokka (D:2)
  4 ball pythons (D:3)
  7 bats
  10 frilled lizards
  6 kobolds
  A quokka skeleton (D:4)
  5 rats
106 creatures vanquished.

Notes
Turn   | Place    | Note
-------+----------+-------------------------------------------
     0 | Abyss:1  | Asdor the Demonspawn Abyssal Knight began the quest for the
                  | Orb.
     0 | Abyss:1  | Reached XP level 1. HP: 18/18 MP: 2/2
    13 | Abyss:1  | Found a corrupted altar of Lugonu.
    75 | Abyss:1  | Noticed an ancient zyme
    84 | Abyss:1  | Noticed a small abomination
    95 | Abyss:1  | Found a corrupted altar of Lugonu.
   311 | Abyss:1  | Noticed a large abomination
   314 | Abyss:1  | Noticed an ancient zyme
   314 | Abyss:1  | Noticed an eye of draining
   330 | Abyss:2  | Noticed a large abomination
   340 | Abyss:2  | Noticed a sixfirhy
   342 | D:1      | Escaped the Abyss
   648 | D:1      | You fall into a shaft and drop 1 floor!
   682 | D:2      | Reached skill level 1 in Dodging
   907 | D:2      | Gained mutation: You have a pair of small antennae on your
                  | head. [demonic ancestry]
   907 | D:2      | Reached XP level 2. HP: 24/24 MP: 3/3
  1076 | D:2      | Reached * piety under Lugonu
  1268 | D:2      | Found a snail-covered altar of Cheibriados.
  1858 | D:3      | Gained mutation: You have a pair of antennae on your head.
                  | [demonic ancestry]
  1858 | D:3      | Reached XP level 3. HP: 28/29 MP: 4/4
  2081 | D:3      | Found a shimmering altar of Xom.
  2257 | D:3      | Reached skill level 1 in Maces & Flails
  2266 | D:3      | Gained mutation: Your flesh is cold resistant. (rC+)
                  | [demonic ancestry]
  2266 | D:3      | Reached XP level 4. HP: 3/35 MP: 4/6
  3415 | D:1      | Found a shattered altar of Ashenzari.
  3755 | D:3      | Reached ** piety under Lugonu
  4175 | D:3      | Found a sacrificial altar of Ru.
  4281 | D:4      | Reached XP level 5. HP: 23/42 MP: 7/7
  4638 | D:4      | Gained mutation: You are immune to freezing clouds.
                  | [demonic ancestry]
  4638 | D:4      | Reached XP level 6. HP: 40/48 MP: 7/9
  5045 | D:5      | Entered Level 5 of the Dungeon
  5193 | D:5      | Noticed an ice beast
  5209 | D:5      | Killed an ice beast
  5209 | D:5      | Gained mutation: You are partially covered in sharp spines.
                  | [demonic ancestry]
  5209 | D:5      | Reached XP level 7. HP: 25/55 MP: 10/10
  5343 | D:5      | Reached skill level 5 in Invocations
  5395 | D:5      | Reached skill level 1 in Shields
  5649 | D:5      | Got a bloodstained scale mail
  5660 | D:5      | Identified the +4 scale mail the Dull Heron {Harm rPois
                  | Dex-2} (You found it on level 5 of the Dungeon)
  6003 | D:6      | Noticed a troll
  6004 | D:6      | Reached skill level 5 in Fighting
  6004 | D:6      | Reached XP level 8. HP: 54/62 MP: 11/11
  6018 | D:6      | Slain by a troll

Illustrated notes

Levels and vault maps discovered:
D:1:      matt_arrival_spirals, layout_loops_ring, ashenzari_altar_1
D:2:      layout_loops_corners, old_standard_altar
D:3:      layout_loops_corners, marbit_many_paths, xom_butterflies
D:4:      layout_rooms, first_ration
D:5:      layout_cave_pods
D:6:      layout_cave_pools, old_standard_altar,
          minmay_temple_entry_drinking_statues

Skill      XL: |  1  2  3  4  5  6  7  8 |
---------------+-------------------------+-----
Polearms       | 2 |  2.3
Dodging        | 1 2 3 |  3.7
Armour         | 2 |  2.9
Maces & Flails | 1 2 3 4 |  4.4
Invocations    | 3 4 5 |  5.0
Fighting       | 4 5 |  5.1
Shields        | 1 2 |  2.0

Action                   |  1- 3 |  4- 6 |  7- 9 || total
-------------------------+-------+-------+-------++-------
Melee: Spear             |    59 |       |       ||    59
       Whip              |    37 |   197 |    58 ||   292
Invok: Depart the Abyss  |     1 |       |       ||     1
  Use: Potion            |     2 |     2 |     1 ||     5
       Scroll            |     1 |     4 |     2 ||     7
  Eat: Chunk             |     4 |    10 |     2 ||    16
Armor: Leather armour    |    36 |    49 |    11 ||    96
       Scale mail        |       |       |    14 ||    14
Dodge: Dodged            |    83 |   113 |    17 ||   213
Block: Other             |    16 |    43 |       ||    59
       Reflection        |       |     1 |       ||     1
       Kite shield       |       |    17 |    25 ||    42
